 Dungeon Crawl Stone Soup version 0.18.1-50-g88ac8fd (webtiles) character file.

7991 saintsgambit the Blocker (level 11, -2/97 HPs)
             Began as a Minotaur Fighter on Sept 16, 2016.
             Was a High Priest of Okawaru.
             Slain by a komodo dragon (15 damage)
             ... on level 2 of the Lair of Beasts.
             The game lasted 00:39:12 (9101 turns).

saintsgambit the Blocker (Minotaur Fighter)         Turns: 9101, Time: 00:39:12

Health: -2/97      AC: 18    Str: 22    XL:     11   Next: 4%
Magic:  11/11      EV:  8    Int:  6    God:    Okawaru [*****.]
Gold:   752        SH: 12    Dex: 11    Spells: 0 memorised, 10 levels left

rFire  . . .     SeeInvis .     a - +2 war axe (freeze)
rCold  . . .     Gourm    .     H - +2 plate armour
rNeg   + . .     Faith    .     c - +0 shield
rPois  .         Spirit   .     t - +1 hat
rElec  .         Dismiss  .     s - +0 cloak
rCorr  .         Reflect  .     (no gloves)
SustAt +         Harm     .     (no boots)
MR     .....                    (no amulet)
Stlth  ..........               K - ring of positive energy
                                D - ring of sustain attributes

@: not resistant to hostile enchantments, extremely unstealthy
A: retaliatory headbutt, horns 2
a: Heroism, Finesse, Renounce Religion


You were on level 2 of the Lair of Beasts.
You worshipped Okawaru.
Okawaru was extremely pleased with you.
You were very hungry.

You visited 2 branches of the dungeon, and saw 12 of its levels.

You collected 752 gold pieces.

Inventory:

Hand Weapons
 a - a +2 war axe of freezing (weapon)
 b - the cursed +1 trident "Wocwach" {venom, rC+ Str+3 Stlth+}
   (You found it on level 1 of the Lair of Beasts)

   It poisons the flesh of those it strikes.
   It affects your strength (+3).
   It protects you from cold.
   It makes you more stealthy.
   It has a curse placed upon it.
 Q - a +0 broad axe
Missiles
 n - 14 tomahawks (quivered)
 O - 7 exploding tomahawks
Armour
 c - a +0 shield (worn)
 s - a +0 cloak (worn)
 t - a +1 hat (worn)
 B - a +0 shield
 H - a +2 plate armour (worn)
Jewellery
 e - an uncursed amulet of rage
 u - an uncursed ring of teleportation
 D - a ring of sustain attributes (left hand)
 K - a ring of positive energy (right hand)
 M - an uncursed ring of protection from cold
 S - a cursed ring of loudness {unknown}
Wands
 g - a wand of heal wounds (6/9)
 A - a wand of confusion (33/48)
 E - a wand of confusion (31/48)
 N - a wand of acid (0/15)
 P - a wand of iceblast (0/15)
Scrolls
 r - 4 scrolls of identify
 w - 3 scrolls of fog {unknown}
 x - 4 scrolls of teleportation
 y - 4 scrolls of fear
 F - a scroll of magic mapping
 G - a scroll of remove curse
 R - a scroll of blinking {unknown}
Potions
 d - a potion of might
 k - 3 potions of lignification
 m - 2 potions of brilliance
 o - 3 potions of agility
 p - 3 potions of curing {unknown}
 C - a potion of cure mutation {unknown}
 J - 2 potions of heal wounds {unknown}
Comestibles
 f - 6 bread rations
 i - 8 fruits
 l - 2 meat rations
 z - 2 royal jellies
 I - 3 beef jerkies


   Skills:
 + Level 9.4 Fighting
 + Level 10.1 Axes
 + Level 1.7 Throwing
 + Level 9.6 Armour
 + Level 5.4 Dodging
 + Level 0.3 Stealth
 + Level 10.9 Shields
 + Level 2.6 Invocations
 + Level 1.2 Evocations


You had 10 spell levels left.
You didn't know any spells.

Dungeon Overview and Level Annotations

Branches:
Dungeon (10/15)            Temple (0/1) D:5            Lair (2/8) D:8
    Orc: D:9-12

Altars:
Cheibriados
Dithmenos
Elyvilon
Makhleb
Okawaru
Pakellas
Sif Muna
Trog
Xom

Shops:
D:5 (


Innate Abilities, Weirdness & Mutations

You reflexively headbutt those who attack you in melee.
You have a pair of horns on your head.


Message History

You hit the komodo dragon but do no damage.
The komodo dragon is heavily wounded.
You block the komodo dragon's attack.
You slice the komodo dragon!!
The komodo dragon seems to slow down.
You freeze the komodo dragon!
You kill the komodo dragon!
Okawaru accepts your kill.
You completely miss the komodo dragon. The komodo dragon bites you!!
* * * LOW HITPOINT WARNING * * *
You completely miss the komodo dragon.
You headbutt the komodo dragon, but do no damage.
The komodo dragon bites you but does no damage.
You hit the komodo dragon but do no damage.
The komodo dragon bites you.
* * * LOW HITPOINT WARNING * * *
You hit the komodo dragon.
The komodo dragon seems to slow down.
You freeze the komodo dragon.
The komodo dragon is lightly wounded.
The komodo dragon bites you!
You die...

#.....# #..P.(#
#....## #†#....l#
##.#.###.# #..#l# ..
#l.#.# . ## #l##.#.#
# #.####@#..F.. ###
##.#....# ..#
#.......# .##
##......# ..##
#.....## ...##
#####......#
....####P#....##...#
.....P##.....##.#..P#
.............# .....


You could see 2 komodo dragons.

Vanquished Creatures
  Erolcha (D:9)
  A spiny frog (Lair:2)
  4 komodo dragons
  A troll (D:8)
  The ghost of nxtlvl the Cudgeler, an amateur KoFi of Pakellas (D:6)
  4 yaks (Lair:2)
  A spriggan (D:7)
  A basilisk (Lair:2)
  A hippogriff (Lair:2)
  4 water moccasins
  2 orc warriors
  2 sky beasts (D:5)
  A necrophage (D:9)
  6 wolves (D:8)
  5 ogres
  A crocodile (Lair:1)
  A big kobold (D:7)
  4 giant frogs
  4 scorpions
  The ghost of Tyrant1235 the Ruffian, a weakling MiMo of Elyvilon (D:3)
  6 killer bees
  4 electric eels (D:8)
  6 howler monkeys
  3 crimson imps
  5 hounds
  5 orc priests
  2 jellies (D:5)
  Crazy Yiuf (D:2)
  9 orc wizards
  2 gnoll shamans
  Jessica (D:2)
  Natasha (D:4)
  3 iguanas
  7 worker ants
  Robin (D:2)
  A worker ant zombie (D:6)
  12 gnolls
  A howler monkey skeleton (D:9)
  11 adders
  A shadow imp (D:8)
  An ooze (D:2)
  An adder zombie (D:9)
  An adder skeleton (D:9)
  3 worms
  A dart slug (D:1)
  4 giant geckos
  36 orcs
  5 bats
  2 giant cockroaches
  16 goblins
  14 hobgoblins
  8 jackals
  9 kobolds
  4 quokkas
  A ball python (D:4)
  4 giant newts
  A quokka skeleton (D:5)
  5 rats
  A fungus (Lair:2)
245 creatures vanquished.

Notes
Turn   | Place    | Note
--------------------------------------------------------------
     0 | D:1      | saintsgambit the Minotaur Fighter began the quest for the Orb.
     0 | D:1      | Reached XP level 1. HP: 19/19 MP: 0/0
   112 | D:1      | Reached XP level 2. HP: 27/27 MP: 1/1
   380 | D:2      | Found a faded altar to an unknown god.
   450 | D:2      | Noticed Jessica
   455 | D:2      | Killed Jessica
   455 | D:2      | Reached XP level 3. HP: 33/33 MP: 2/2
   456 | D:2      | Found an iron altar of Okawaru.
   470 | D:2      | Became a worshipper of Warmaster Okawaru
   542 | D:2      | Noticed Robin
   559 | D:2      | Reached XP level 4. HP: 18/41 MP: 3/3
   564 | D:2      | Killed Robin
   588 | D:2      | Noticed Crazy Yiuf
   593 | D:2      | HP: 2/41 [Crazy Yiuf/quarterstaff of chaos (6)]
   594 | D:2      | Killed Crazy Yiuf
   594 | D:2      | Reached skill level 1 in Dodging
  1289 | D:3      | Reached XP level 5. HP: 47/47 MP: 4/4
  1374 | D:3      | Reached skill level 5 in Shields
  1813 | D:3      | Reached skill level 5 in Armour
  2141 | D:3      | Noticed Tyrant1235's ghost (weakling MiMo)
  2157 | D:3      | Killed Tyrant1235's ghost
  2334 | D:3      | Reached XP level 6. HP: 51/55 MP: 5/5
  2458 | D:4      | Reached skill level 5 in Fighting
  2478 | D:4      | Found a burning altar of Makhleb.
  2478 | D:4      | Found a shimmering altar of Xom.
  2758 | D:4      | Reached * piety under Okawaru
  2832 | D:4      | Reached XP level 7. HP: 40/61 MP: 6/6
  3391 | D:4      | Noticed Natasha
  3410 | D:4      | Killed Natasha
  3554 | D:5      | Entered Level 5 of the Dungeon
  3567 | D:5      | Reached skill level 5 in Axes
  3581 | D:5      | Found Jeuxuw's Weapon Shoppe.
  3662 | D:5      | Reached ** piety under Okawaru
  3662 | D:5      | Reached XP level 8. HP: 49/69 MP: 7/7
  4024 | D:5      | Found a white marble altar of Elyvilon.
  4178 | D:5      | Found a staircase to the Ecumenical Temple.
  4355 | D:6      | Reached skill level 1 in Invocations
  4363 | D:6      | Found a snail-covered altar of Cheibriados.
  4389 | D:6      | Reached skill level 1 in Throwing
  4497 | D:6      | Found a bloodstained altar of Trog.
  4570 | D:6      | Noticed nxtlvl's ghost (amateur KoFi)
  4582 | D:6      | Killed nxtlvl's ghost
  4582 | D:6      | Reached *** piety under Okawaru
  5085 | D:7      | Reached XP level 9. HP: 65/78 MP: 9/9
  5293 | D:7      | Found an iron altar of Okawaru.
  6425 | D:8      | Found a staircase to the Lair.
  6427 | D:8      | Noticed a troll
  6610 | D:8      | Killed a troll
  6610 | D:8      | Reached **** piety under Okawaru
  6999 | D:9      | Noticed Erolcha
  7011 | D:9      | HP: 4/81 [Erolcha/giant club (7)]
  7013 | D:9      | Killed Erolcha
  7013 | D:9      | Reached XP level 10. HP: 5/90 MP: 8/10
  7408 | D:9      | Received a gift from Okawaru
  7445 | D:9      | Got a transparent long sword
  7489 | D:9      | Found a deep blue altar of Sif Muna.
  7547 | D:9      | Found a shadowy altar of Dithmenos.
  7588 | D:9      | Got a sheer robe
  7699 | D:9      | Reached skill level 10 in Shields
  8003 | D:10     | Entered Level 10 of the Dungeon
  8015 | D:9      | Found an oddly glowing altar of Pakellas.
  8140 | D:8      | Reached skill level 5 in Dodging
  8306 | D:8      | Identified the +2 long sword "Zeelaut" {antimagic, *Confuse Dex+3 Stlth+} (You found it on level 9 of the Dungeon)
  8307 | D:8      | Identified the +2 robe of Conscience {rC+ Int+2 Stlth+} (You found it on level 9 of the Dungeon)
  8320 | Lair:1   | Entered Level 1 of the Lair of Beasts
  8338 | Lair:1   | Got a warped trident
  8345 | Lair:1   | Identified the cursed +1 trident "Wocwach" {venom, rC+ Str+3 Stlth+} (You found it on level 1 of the Lair of Beasts)
  8899 | Lair:2   | Noticed a spiny frog
  8904 | Lair:2   | Killed a spiny frog
  8904 | Lair:2   | Reached ***** piety under Okawaru
  8904 | Lair:2   | Reached skill level 1 in Evocations
  9087 | Lair:2   | Reached skill level 10 in Axes
  9087 | Lair:2   | Reached XP level 11. HP: 65/97 MP: 9/11
  9101 | Lair:2   | Slain by a komodo dragon

Skill      XL: |  1  2  3  4  5  6  7  8  9 10 |
---------------+-------------------------------+-----
Fighting       | 4 5 6 8 9 |  9.4
Armour         | 4 5 6 7 8 9 |  9.6
Shields        | 4 5 6 7 9 10 | 10.9
Axes           | 3 4 5 6 8 10 | 10.1
Dodging        | 1 2 3 4 5 |  5.4
Invocations    | 1 2 |  2.6
Throwing       | 1 |  1.7
Evocations     | 1 |  1.2
Stealth        | |  0.3

Action                   |  1- 3 |  4- 6 |  7- 9 | 10-12 || total
-------------------------+-------+-------+-------+-------++-------
Melee: War axe           |    80 |   183 |   384 |   181 ||   828
       Headbutt          |     5 |    18 |    67 |    36 ||   126
Throw: Tomahawk          |       |    14 |    10 |       ||    24
Invok: Heroism           |       |       |    16 |     3 ||    19
Evoke: Wand              |       |       |     1 |     6 ||     7
  Use: Scroll            |     1 |     7 |     4 |     9 ||    21
       Potion            |       |     4 |       |       ||     4
  Eat: Chunk             |       |     3 |       |       ||     3
       Fruit             |       |     2 |       |       ||     2
       Meat ration       |       |     1 |     1 |       ||     2
       Bread ration      |       |       |     2 |     1 ||     3
Armor: Scale mail        |    62 |    62 |    78 |       ||   202
       Plate armour      |       |       |    74 |    68 ||   142
Dodge: Dodged            |    34 |    56 |    91 |    38 ||   219
Block: Shield            |    51 |    76 |   237 |    88 ||   452
